Unix NetHack Version 5.0.0-0 post-release - last build Jun 10 2026 00:39:30 (3ee93aec679c4c4259841fe613dc97188e26a321,branch:main).

Game began 2026-06-19 15:57:29, ended 2026-06-20 16:41:18.

CyberFan, neutral male human Tourist

                                   A@A   t
                                   ---------
                                 A |.......|
                                 D@|...@...|                  -----
        A @  A                     |...@...|                  |.a.     A
                                 A@|.....D.|                 --..--------- a
              A@       @        |  |.......|  |             --...|.......|
         @@q  @      D   @ @    |. ----.---- .|          .---a.a.|.@@....|A
   A           @A    &@   @@    |.....B.w..@..|      .$....aaa.@@-AA@*...|
    @ B                  A A    ---.....).A.---     &....w---..a.|.A.....|
              A@          @       -----|-----     a .a...-- --a..|.O.....| @
               A                      ...          --|--     --..---------
                                      ...w      ----...|      |a..         A
                                     ....     .a.......|      -----
                                     ....     ...-------
                                     ...)   -.A..|
                                     --w----A..
                                     ....&.a...
                                     ---------
CyberFan the Traveler       St:18/15 Dx:17 Co:18 In:13 Wi:18 Ch:18  Neutral
Astral Plane $:436 HP:208(263) Pw:37(63) AC:-38 Xp:15/193571 T:44772 

Latest messages:
 o - an uncursed wand of digging (0:5).
 What do you want to zap? [egijnotuAHLOW or ?*]
 In what direction?
 The door is razed!
 You hear some noises.
 "Burrrrp!"
 What do you want to use or apply? [e-gijm-otuABHIKLNOQRWZ or ?*]
 In what direction?
 Death is blinded by the flash!
 Death turns to flee.
 You hear a nearby zap.
 The bolt of fire whizzes by you!
 Famine moves the purple worm out of the way!
 The renegade Angel of The Lady zaps a wand of striking!
 Boing!
 The wand hits the purple worm!
 You hear a nearby zap.
 The bolt of fire hits the purple worm!
 The bolt of fire whizzes by you!
 The renegade Angel of The Lady points at you, then curses.
 An ogre queen suddenly appears!
 What do you want to zap? [egijnotuAHLOW or ?*]
 In what direction?
 The renegade Angel of The Lady vanishes and reappears close by.
 The renegade Angel of The Lady vanishes and reappears farther away.
 You hear a nearby zap.
 The bolt of fire hits the purple worm!
 The bolt of fire whizzes by you!
 The door is consumed in flames!
 The priestess of Offler swings wildly and misses!
 The priestess of Offler casts a spell at thin air!
 You swap places with your purple worm.
 The high priest intones:
 "Pilgrim, you enter a sacred place!"
 The purple worm bites the priestess of Offler.
 The purple worm swallows the priestess of Offler.
 "Burrrrp!"
 The priestess of Offler is killed!
 You hear some noises in the distance.
 "Burrrrp!"
 You hear a chugging sound.
 You hear a chugging sound.
 There is a high altar to The Lady (neutral) here.
 #
 What do you want to sacrifice? [s or ?*]
 You offer the Amulet of Yendor to The Lady...
 An invisible choir sings, and you are bathed in radiance...
 The voice of The Lady thunders: "Mortal, thou hast done well!"
 "In return for thy service, I grant thee the gift of Immortality!"
 You ascend to the status of Demigod...

Inventory:
 Coins    ('$')
  $ - 436 gold pieces
 Amulets  ('"')
  G - an uncursed amulet of flying
  F - an uncursed amulet of life saving (being worn)
 Weapons  (')')
  y - the uncursed rustproof +0 Magicbane
  x - the uncursed +6 Grayswandir (wielded in right hand)
  v - an uncursed +6 silver saber (wielded in left hand)
 Armor    ('[')
  a - an uncursed fireproof +7 elven leather helm (being worn)
  V - an uncursed fireproof +4 pair of gauntlets of dexterity (being worn)
  r - a blessed fireproof +4 pair of speed boots (being worn)
  w - an uncursed greased fireproof +0 cloak of magic resistance
  Y - an uncursed fireproof +4 cloak of protection (being worn)
  k - a blessed +4 Hawaiian shirt with a sea turtle motif (being worn)
  d - a blessed greased +4 silver dragon scale mail (being worn)
 Comestibles  ('%')
  h - 8 uncursed C-rations
  M - 3 uncursed K-rations
 Spellbooks  ('+')
  Z - the uncursed Book of the Dead
 Potions  ('!')
  z - 2 blessed diluted potions of full healing
 Rings    ('=')
  T - an uncursed ring of conflict
  c - a blessed ring of free action (on left hand)
  D - an uncursed ring of levitation
  p - an uncursed ring of regeneration (on right hand)
  X - an uncursed ring of slow digestion
 Wands    ('/')
  t - an uncursed wand of death (1:2)
  o - an uncursed wand of digging (0:4)
  i - an uncursed wand of digging (0:0)
  u - a cursed wand of digging (0:7)
  e - a cursed wand of digging (0:0)
  n - an uncursed wand of lightning (0:4)
  g - an uncursed wand of magic missile (0:5)
  A - an uncursed wand of magic missile (0:5)
  H - an uncursed wand of polymorph (2:0)
  O - an uncursed wand of sleep (0:3)
  W - an uncursed wand of teleportation (0:4)
  L - an uncursed wand of teleportation (0:0)
  j - a cursed wand of teleportation (0:4)
 Tools    ('(')
  K - a blessed greased bag of holding containing 40 items
  R - the uncursed Bell of Opening named PYEC 28526 (0:2)
  N - the cursed Candelabrum of Invocation (0 of 7 candles attached)
  B - an uncursed expensive camera (0:39)
  Q - an uncursed magic marker (0:36)
  m - the blessed Platinum Yendorian Express Card
  I - an uncursed skeleton key
  f - an uncursed +0 unicorn horn named uncursed
 Gems/Stones  ('*')
  S - a blessed luckstone

Contents of the bag of holding:
  870 gold pieces
  a blessed amulet of unchanging
  a cursed amulet of unchanging
  the uncursed rustproof +2 Giantslayer
  the blessed rustproof +1 Vorpal Blade
  an uncursed +0 mummy wrapping
  4 uncursed C-rations
  an uncursed scroll of create monster
  a cursed scroll of create monster
  a blessed scroll of enchant armor
  a blessed scroll of enchant weapon
  an uncursed scroll of food detection
  a blessed scroll of light
  an uncursed scroll of light
  a cursed scroll of light
  a blessed scroll of remove curse
  2 uncursed scrolls of remove curse
  a cursed scroll of remove curse
  2 uncursed scrolls of teleportation
  a cursed scroll of teleportation
  2 uncursed potions of blindness
  a blessed potion of booze
  an uncursed potion of booze
  a cursed potion of enlightenment
  7 uncursed diluted potions of extra healing
  an uncursed potion of fruit juice
  a blessed diluted potion of full healing
  an uncursed potion of full healing
  an uncursed potion of gain ability
  2 cursed potions of gain ability
  a blessed potion of healing
  an uncursed potion of healing
  an uncursed potion of levitation
  an uncursed potion of object detection
  an uncursed potion of oil
  a blessed potion of paralysis
  3 uncursed potions of paralysis
  an uncursed potion of restore ability
  2 potions of holy water
  an uncursed expensive camera (0:39)

CyberFan the Tourist's attributes:

Background:
 You were a Traveler, a level 15 male human Tourist.
 You were neutral, on a mission for The Lady
 who was opposed by Blind Io (lawful) and Offler (chaotic).
 You were right-handed.
 You were in the endgame, on the Astral Plane.
 You entered the dungeon 44772 turns ago.
 You had 193571 experience points, 126429 more were needed to attain level 16.

Basics:
 You had 208 out of 263 hit points.
 You had 37 out of 63 energy points (spell power).
 Your armor class was -38.
 Your wallet contained 436 zorkmids, and
 you had 870 more stashed away in your pack.
 Autopickup was off.

Final Characteristics:
 Your strength was 18/15 (limit:18/100).
 Your dexterity was 17 (base:13, peak:14, limit:18).
 Your constitution was 18 (limit:18).
 Your intelligence was 13 (limit:18).
 Your wisdom was 18 (limit:18).
 Your charisma was 18 (limit:18).

Final Status:
 You weren't hungry.
 You were unencumbered.
 You were wielding two weapons at once.
 You were skilled in saber and two weapons.

Final Attributes:
 You were the Envoy of Balance.
 You were piously aligned.
 You were magic-protected.
 You were fire resistant.
 You were cold resistant.
 You were sleep resistant.
 You were disintegration resistant.
 You were shock resistant.
 You were poison resistant.
 You resisted hallucinations.
 You saw invisible.
 You were telepathic.
 You had automatic searching.
 You were sensing the presence of monsters.
 You were invisible to others.
 You were stealthy.
 You regenerated.
 You had a moderate defense bonus (+6).
 You were protected.
 You took half spell damage.
 You were very fast.
 You had reflection.
 You had free action.
 Your life would have been saved.
 You were extremely lucky.
 You had extra luck.
 Good luck did not time out for you.
 You survived after being killed once.

Miscellaneous:
 You disabled loading of bones levels.
 Total elapsed playing time was 8 hours, 19 minutes and 50 seconds.

Major events:
 Turn
    1: CyberFan the neutral male human Tourist entered the dungeon
  573: attained the rank of Sightseer (level 3)
 3265: entered the Gnomish Mines
 3538: attained the rank of Excursionist (level 6)
 3561: reached Mine Town
 5621: entered Sokoban
 5673: entered the Bigroom
 6168: completed 1st Sokoban level
 7647: completed 2nd Sokoban level
 8454: completed 3rd Sokoban level
 9963: found Ogresmasher carried by a monster
11784: attained the rank of Peregrinator (level 10)
15680: made his first wish - "blessed +2 Grayswandir", got "a silver saber named Grayswandir"
16579: completed 4th Sokoban level
17109: acquired the Sokoban amulet of reflection
19190: entered Home 1, the Quest
19545: attained the rank of Traveler (level 14)
19679: Twoflower has granted access to proceed deeper into the quest
19714: entered Home 2, the Quest
19766: entered Home 3, the Quest
21131: performed his first genocide (master liches)
21276: entered Home 4, the Quest
21384: entered Home 5, the Quest
21922: found the Platinum Yendorian Express Card on the floor
21982: averted death (killed by the Master of Thieves)
22132: killed the Master of Thieves
22135: acquired the Bell of Opening
23231: genocided class L
25156: wished for "blessed greased +2 silver dragon scale mail", got "a greased silver dragon scale mail"
26523: genocided class h
27842: acquired the Mines' End luckstone
28510: was bestowed with Magicbane by The Lady
29074: genocided disenchanters
31715: killed Medusa
32390: wished for "blessed greased bag of holding", got "a greased bag"
34075: was bestowed with Giantslayer by The Lady
34377: became The Lady's Envoy of Balance
34377: was bestowed with Vorpal Blade
35499: entered Gehennom
36312: wished for "uncursed magic marker", got "a magic marker"
36897: wished for "blessed ring of free action", got "an agate ring"
37512: bribed Asmodeus with 4529 zorkmids for safe passage
38333: killed Juiblex
38530: bribed Baalzebub with 627 zorkmids for safe passage
39398: destroyed Vlad the Impaler
39400: acquired the Candelabrum of Invocation
39631: killed Orcus
42134: killed the Wizard of Yendor
42140: acquired the Book of the Dead
42395: performed the invocation
42646: killed the high priestess of Moloch
42649: acquired The Amulet of Yendor
42650: wished for "blessed greased fireproof +2 cloak of magic resistance", got "a greased piece of cloth"
43949: killed the Wizard of Yendor (2nd time)
44470: entered the Elemental Planes
44470: entered Plane of Earth
44470: killed the Wizard of Yendor (3rd time)
44527: entered Plane of Air
44618: entered Plane of Fire
44653: entered Plane of Water
44653: genocided class ;
44702: entered the Astral Plane
44716: killed Famine
44749: killed Famine (2nd time)
44772: ascended

Spells:
 Name                 Level Category     Fail Retention
 extra healing          3   healing       97%    (gone)

Skills:
 Fighting Skills
   bare handed combat [Unskilled]
   two weapon combat  [Skilled]
   riding             [Unskilled]
 Weapon Skills
   dagger             [Unskilled]
   knife              [Unskilled]
   axe                [Unskilled]
   pick-axe           [Unskilled]
   short sword        [Unskilled]
   broadsword         [Unskilled]
   long sword         [Unskilled]
   two-handed sword   [Unskilled]
   saber              [Skilled]
   mace               [Unskilled]
   morning star       [Unskilled]
   flail              [Unskilled]
   hammer             [Unskilled]
   quarterstaff       [Unskilled]
   polearms           [Unskilled]
   spear              [Unskilled]
   trident            [Unskilled]
   lance              [Unskilled]
   bow                [Unskilled]
   sling              [Unskilled]
   crossbow           [Unskilled]
   dart               [Skilled]
   shuriken           [Unskilled]
   boomerang          [Unskilled]
   whip               [Unskilled]
   unicorn horn       [Unskilled]
 Spellcasting Skills
   divination spells  [Unskilled]
   enchantment spells [Unskilled]
   escape spells      [Unskilled]

Voluntary challenges:
 Character rerolling was not enabled.
 You genocided 18 types of monsters.
 You never changed form.
 You used 6 wishes (1 for an artifact).
 You did not violate any of the special Sokoban rules.
Achievements:
 You attained the rank of Sightseer.
 You entered a shop.
 You entered the Gnomish Mines.
 You attained the rank of Excursionist.
 You entered Minetown.
 You entered a temple.
 You entered Sokoban.
 You entered the Big Room.
 You attained the rank of Peregrinator.
 You completed Sokoban.
 You attained the rank of Traveler.
 You had the Bell of Opening.
 You completed the Gnomish Mines.
 You defeated Medusa.
 You learned the tune to open and close the Castle's drawbridge.
 You entered Gehennom.
 You had the Candelabrum of Invocation.
 You had the Book of the Dead.
 You gained access to Moloch's Sanctum.
 You reached the Elemental Planes.
 You reached the Astral Plane.
 You delivered the Amulet of Yendor.
 You ascended!

 The Elemental Planes:
    Astral Plane: <- You are here.
       Some temples and some altars.
    Plane of Water:
    Plane of Fire:
    Plane of Air:
    Plane of Earth:
 The Dungeons of Doom: levels 1 to 29
    Level 1:
       Some fountains.
       One way stairs up to The Elemental Planes.
    Level 2:
       A sink.
       Stairs down to The Gnomish Mines.
    Level 3:
       A sink.
    Level 4:
       A general store.
    Level 5:
       A sink.
    Level 6:
       A fountain.
    Level 7:
    Level 8:
       Many fountains.
       Oracle of Delphi.
    Level 9:
       A fountain, a grave.
       Stairs up to Sokoban, level 8.
    Level 10:
       A very big room.
    Level 11:
    Level 12:
    Level 13:
    Level 14:
       Portal to The Quest.
    Level 15:
    Level 16:
       A temple and some altars.
    Level 17:
       A general store.
    Level 18:
       A primitive area.
    Level 19:
       A throne, a grave.
    Level 20:
       A fountain.
    Level 21:
    Level 22:
    Level 23:
       A grave.
    Level 24:
       A fountain, a grave.
    Level 25:
       A fountain, a sink.
    Level 26:
    Level 27:
       An armor shop, a fountain.
    Level 28:
    Level 29:
       A fountain.
       The castle (play notes "ACBAB" to open or close drawbridge).
       Connection to Gehennom.
 Gehennom: levels 30 to 52
    Level 30:
       A temple and an altar, many graves.
       Valley of the Dead.
    Level 31:
    Level 32:
    Level 33:
    Level 34:
    Level 35:
    Level 36:
       A fountain.
    Level 37:
    Level 38:
    Level 39:
    Level 40:
       Some shops, an altar, many graves.
    Level 41:
       Stairs up to Vlad's Tower, level 40.
    Level 42:
    Level 43:
    Level 44:
    Level 45:
    Level 46:
    Level 47:
    Level 48:
    Level 49:
    Level 50:
    Level 51:
    Level 52:
       A temple and an altar, many graves.
       Moloch's Sanctum.
 The Gnomish Mines: levels 3 to 11
    Level 3:
    Level 4:
    Level 5:
       Many shops, a temple and an altar, some fountains.
    Level 6:
    Level 7:
    Level 8:
    Level 9:
    Level 10:
    Level 11:
 The Quest: levels 1 to 5
    Level 1:
       Some graves.
       Completed quest for Twoflower.
    Level 2:
    Level 3:
       Some shops, many graves.
    Level 4:
    Level 5:
       Some shops, many graves.
 Sokoban: levels 8 up to 5
    Level 5:
       Solved.
    Level 6:
       Solved.
    Level 7:
       Solved.
    Level 8:
       Solved.
 Vlad's Tower: levels 40 up to 38
    Level 38:
       A throne.
    Level 39:
    Level 40:


Vanquished creatures:
    Orcus
 an erinys
    Juiblex
the Wizard of Yendor (thrice)
    Famine (twice)
    Vlad the Impaler
  a high cleric
  2 mastodons
    Medusa
 14 krakens
the Master of Thieves
  3 iron golems
  a ki-rin
  9 storm giants
  a glass golem
  2 balrogs
  2 purple worms
  3 gray dragons
  a gold dragon
  a silver dragon
  3 red dragons
  a white dragon
  2 black dragons
  6 blue dragons
  4 green dragons
  2 yellow dragons
 24 minotaurs
  a jabberwock
  3 baluchitheria
  5 Angels
  2 stone golems
  4 Nazgul
 10 pit fiends
  6 sandestins
  6 hell hounds
  3 displacer beasts
  7 titanotheres
  5 trappers
  a baby white dragon
  2 guardian nagas
  3 genetic engineers
 30 vampire leaders
  5 skeletons
 19 aligned clerics
  4 captains
  6 shades
  3 water trolls
  2 clay golems
 16 nurses
 13 ice devils
 12 nalfeshnees
  5 Aleaxes
  5 frost giants
  5 ettins
  3 golden nagas
  3 black puddings
 24 vampires
  8 lieutenants
 40 ghosts
  5 queen bees
  7 winged gargoyles
  4 giant mimics
  5 long worms
  4 zruties
  3 fire giants
 11 ogre tyrants
 11 rock trolls
  5 umber hulks
  2 flesh golems
 11 elven monarchs
  2 doppelgangers
 14 hezrous
  9 bone devils
  4 large mimics
  a wumpus
  3 fire vortices
  a baby purple worm
  2 couatls
 15 stalkers
  7 air elementals
  9 fire elementals
 11 earth elementals
  3 water elementals
  8 hill giants
  3 giant mummies
  2 black nagas
  8 xorns
 24 giant zombies
 15 elf-nobles
 16 sergeants
  4 barbed devils
 11 vrocks
  6 salamanders
  8 wargs
  5 winter wolves
 10 hell hound pups
 14 small mimics
  a glass piercer
  4 warhorses
 12 steam vortices
  7 xans
  6 ettin mummies
  9 ogre leaders
 12 quantum mechanics
 34 trolls
  3 sasquatches
  2 wood golems
 11 mariliths
  8 sharks
  9 electric eels
  8 gelatinous cubes
  8 pyrolisks
  a large dog
  6 freezing spheres
  7 flaming spheres
  6 shocking spheres
  4 large cats
  9 tigers
  6 gargoyles
  9 tengu
 10 ochre jellies
  4 leocrottas
  5 energy vortices
  5 mountain centaurs
 10 stone giants
  5 elf mummies
  2 human mummies
  6 red nagas
  2 green slimes
  4 pythons
  6 pit vipers
  3 cobras
 50 wraiths
  6 carnivorous apes
 26 ettin zombies
  3 leather golems
 13 Grey-elves
 79 soldiers
  a watchman
 18 amorous demons
  6 horned devils
  8 chameleons
  3 crocodiles
 21 giant beetles
  4 quivering blobs
 16 cockatrices
 15 wolves
  5 winter wolf cubs
  2 lynxes
 10 gremlins
  a spotted jelly
 12 leprechauns
  4 orc-captains
  4 iron piercers
  a mumak
 86 giant spiders
 13 scorpions
  a horse
  2 ice vortices
  8 black lights
  9 vampire bats
 22 forest centaurs
  5 gnome rulers
  6 orc mummies
  3 dwarf mummies
  5 ogres
 11 brown puddings
 10 rust monsters
 10 owlbears
  3 yetis
  a gold golem
  3 werewolves
  5 Green-elves
  6 piranha
 14 giant eels
 12 lizards
  2 chickatrices
  a dingo
  2 housecats
  4 jaguars
  2 dwarf leaders
  6 blue jellies
  6 white unicorns
  4 black unicorns
  8 dust vortices
  5 ravens
  2 plains centaurs
  6 gnome mummies
  7 snakes
  9 apes
 24 human zombies
  5 rope golems
 10 Woodland-elves
 13 soldier ants
 21 fire ants
 14 bugbears
  3 imps
 14 lemures
  5 quasits
  5 wood nymphs
  2 water nymphs
  5 mountain nymphs
 26 Mordor orcs
 an Uruk-hai
  6 orc shamans
  8 rock piercers
  6 rock moles
  4 fog clouds
 11 yellow lights
  4 shriekers
  3 violet fungi
 14 gnome leaders
  7 gnomish wizards
  6 kobold mummies
  5 gray oozes
  2 barrow wights
 15 elf zombies
 17 ghouls
  3 straw golems
  3 paper golems
  5 jellyfish
 36 giant ants
  6 little dogs
 18 floating eyes
  a kitten
  7 dwarves
  4 homunculi
  4 kobold leaders
  5 kobold shamans
 33 hill orcs
 10 rothes
  5 rabid rats
  3 centipedes
  3 giant bats
  a monkey
 17 orc zombies
 14 dwarf zombies
  2 wererats
  a werejackal
 16 iguanas
 54 killer bees
  3 acid blobs
  5 coyotes
  5 gas spores
  2 hobbits
 20 manes
  4 large kobolds
 18 hobgoblins
  7 giant rats
 23 cave spiders
  a brown mold
  2 yellow molds
  2 green molds
 50 gnomes
  8 garter snakes
 19 gnome zombies
  9 geckos
 11 jackals
  2 foxes
  4 kobolds
  7 goblins
  2 sewer rats
 11 grid bugs
  a bat
  9 lichens
 23 kobold zombies
  9 newts
2252 creatures vanquished.

Genocided or extinct species:
 arch-liches
 krakens
 master liches
 demiliches
 master mind flayers
 Nazgul (extinct)
 disenchanters
 liches
 mind flayers
 sharks
 electric eels
 dwarf rulers
 soldiers (extinct)
 piranha
 giant eels
 dwarf leaders
 bugbears
 jellyfish
 dwarves
 hobbits
18 species genocided.
2 species extinct.

Aloha CyberFan the Demigod...

You went to your reward with 2741680 points,
The Platinum Yendorian Express Card (worth 7000 zorkmids and 17500 points)
Grayswandir (worth 8000 zorkmids and 20000 points)
Magicbane (worth 3500 zorkmids and 8750 points)
Giantslayer (worth 200 zorkmids and 500 points)
Vorpal Blade (worth 4000 zorkmids and 10000 points)
The Candelabrum of Invocation (worth 5000 zorkmids and 12500 points)
The Bell of Opening (worth 5000 zorkmids and 12500 points)
The Book of the Dead (worth 10000 zorkmids and 25000 points)
       2 amulets of unchanging (worth 300 zorkmids),
       1 amulet of life saving (worth 150 zorkmids),
       1 amulet of flying (worth 150 zorkmids),
and 1306 pieces of gold, after 44772 moves.
You were level 15 with a maximum of 263 hit points when you ascended.

